Map: [ESL] Hard Lead

Players

Bunny

  • Race: Terran Terran
  • Spawn Location: 11:00

trigger - Winner!

  • Race: Protoss Protoss
  • League: Grandmaster
  • Spawn Location: 5:00

Event: IEM Katowice 2024

VOD

Have the link to the VOD?

Description

Time

  • Played on: Dec. 10, 2023, 7:22 p.m.
  • Length: 27:37

All games in this series

Show
View Real Time Build Order
Export as new Build Order

Bunny Terran 

Build Orders: Reaper Expand 

Get SALT Encoding   

  12  0:00  SCV  
  13  0:12  SCV  
  14  0:17  Supply Depot  
  14  0:24  SCV  
  15  0:38  SCV  
  15  0:39  Barracks  
  16  0:42  Refinery  
  16  0:50  SCV  
  17  1:03  SCV  
  18  1:15  SCV  
  19  1:26  Reaper  
  19  1:27  Orbital Command  
  20  1:39  Command Center  
  20  1:48  Supply Depot  
  20  1:55  Bunker  
  20  1:58  SCV  
  21  2:02  Marine  
  22  2:10  SCV  
  22  2:14  Factory  
  23  2:19  Bunker  
  23  2:21  Refinery  
  23  2:24  SCV  
  23  2:26  Barracks Reactor  
  24  2:36  SCV  
  25  2:48  SCV  
  26  2:52  Orbital Command  
  26  2:58  Hellion  
  28  2:59  Starport  
  28  3:01  SCV  
  28  3:03  Marine x2  
  31  3:13  SCV  
  31  3:18  SCV  
  33  3:20  Widow Mine  
  33  3:21  Marine x2  
  33  3:25  SCV  
  38  3:30  SCV  
  38  3:33  Supply Depot  
  39  3:36  Medivac  
  39  3:38  SCV  
  42  3:41  Barracks, Widow Mine  
  42  3:45  SCV  
  45  3:54  Marine x2  
  44  3:55  SCV  
  44  3:57  SCV  
  44  4:00  Engineering Bay  
  46  4:02  Refinery  
  46  4:04  Factory Tech Lab  
  46  4:07  SCV  
  46  4:08  Starport Tech Lab  
  46  4:09  SCV  
  48  4:12  Marine x2  
  48  4:13  Supply Depot  
  50  4:20  SCV  
  50  4:21  SCV  
  52  4:28  Supply Depot  
  52  4:29  Terran Infantry Weapons Level 1  
  54  4:31  Raven  
  54  4:35  Barracks, Marine x2  
  54  4:37  Stimpack  
  56  4:41  Marine  
  56  4:42  SCV  
  56  4:43  SCV  
  59  4:47  Factory Reactor  
  59  4:52  Marine x2, Refinery  
  55  4:55  SCV x2  
  55  4:59  Supply Depot  
  61  5:00  Marauder  
  62  5:07  SCV x2  
  62  5:11  Starport Reactor  
  62  5:12  Marine x2  
  62  5:13  Supply Depot  
  65  5:19  SCV x2  
  69  5:21  Marauder  
  69  5:25  Widow Mine x2  
  73  5:30  Marine x2  
  73  5:31  Supply Depot  
  73  5:34  Combat Shield, Marauder  
  69  5:36  SCV x2  
  72  5:42  Marauder  
  72  5:44  Supply Depot  
  72  5:48  Widow Mine x2  
  72  5:49  Medivac  
  78  5:52  Medivac  
  78  5:54  Marine x2  
  83  5:58  Marauder  
  83  5:59  SCV x2  
  88  6:04  Marauder  
  88  6:12  Command Center  
  88  6:18  Concussive Shells  
  88  6:19  Medivac  
  88  6:22  Medivac  
  88  6:25  Marine x2, Marauder x2  
  96  6:28  Terran Infantry Armor Level 1  
  96  6:32  Widow Mine x2  
  102  6:44  Barracks  
  102  6:45  Barracks  
  101  6:54  Medivac  
  102  7:05  SCV  
  102  7:06  Marine x2  
  102  7:07  SCV  
  102  7:09  Marauder  
  102  7:10  Marauder  
  101  7:17  SCV  
  101  7:19  SCV  
  101  7:20  Medivac  
  101  7:22  Widow Mine  
  102  7:23  Marine x2, Widow Mine  
  102  7:26  Viking  
  98  7:30  Marauder, SCV  
  98  7:31  Marauder, SCV  
  98  7:35  Barracks Reactor, Barracks Tech Lab  
  104  7:43  Marine x2  
  106  7:46  Widow Mine x2  
  106  7:48  Ghost Academy  
  106  7:49  Supply Depot  
  106  7:50  SCV x2  
  112  7:51  Marauder  
  112  7:52  Marauder  
  112  7:54  Supply Depot  
  116  8:01  Marine  
  116  8:02  Marine  
  116  8:04  SCV  
  117  8:11  Viking, Marauder, SCV  
  120  8:13  Marauder  
  120  8:14  Viking  
  120  8:16  SCV  
  120  8:18  Orbital Command  
  120  8:19  Marine  
  125  8:20  Marine  
  125  8:21  Marauder  
  125  8:22  Marine x2  
  125  8:24  Widow Mine  
  125  8:25  Widow Mine  
  130  8:30  SCV x2  
  130  8:31  Armory  
  128  8:43  Marauder x3  
  128  8:44  Marine x2  
  128  8:48  Viking x2  
  130  8:51  Marine x2  
  130  8:53  SCV x3  
  131  9:01  Supply Depot x2  
  131  9:02  Refinery  
  131  9:03  Refinery  
  131  9:06  SCV x3  
  131  9:08  Widow Mine x2  
  138  9:10  Marine x3  
  141  9:17  Command Center  
  141  9:22  Marine  
  142  9:26  Ghost x3  
  142  9:31  SCV  
  142  9:32  SCV x2  
  142  9:34  Marine x3  
  144  9:40  Viking  
  144  9:43  SCV  
  144  9:44  SCV x2  
  149  9:52  Terran Infantry Weapons Level 2  
  149  9:57  Missile Turret  
  149  9:58  Missile Turret, Widow Mine x2  
  153  10:00  Medivac  
  153  10:06  Ghost  
  153  10:07  Ghost  
  157  10:15  Supply Depot  
  157  10:16  Supply Depot  
  157  10:18  Supply Depot  
  157  10:27  Terran Ship Weapons Level 1  
  157  10:29  Medivac  
  157  10:30  Medivac  
  157  10:33  Marauder  
  151  10:36  Marauder x2  
  151  10:37  Marine x4  
  151  10:40  Widow Mine x2  
  163  10:45  Starport  
  163  10:55  Barracks  
  163  10:56  Barracks  
  163  10:58  Sensor Tower  
  163  10:59  Barracks, Medivac  
  163  11:00  Medivac  
  167  11:07  SCV  
  167  11:08  SCV x2  
  170  11:15  Planetary Fortress  
  170  11:20  SCV x3  
  170  11:22  Ghost x3  
  170  11:24  Missile Turret  
  179  11:28  Marine x2, Refinery  
  179  11:30  Marine x2, Refinery  
  183  11:36  Viking x2  
  183  11:39  Starport Reactor  
  187  11:44  Missile Turret  
  187  11:45  Fusion Core  
  187  11:48  SCV x3  
  187  11:51  Marauder x3  
  187  11:52  Barracks Tech Lab  
  195  11:59  Barracks Tech Lab  
  195  12:03  Barracks Reactor  
  195  12:04  Marine  
  195  12:08  Personal Cloaking, Engineering Bay  
  196  12:25  Command Center  
  196  12:37  Marine  
  196  12:43  Command Center  
  196  12:45  Missile Turret  
  196  12:46  Marine  
  196  12:52  Ghost, Widow Mine  
  196  12:54  Widow Mine  
  196  12:55  Marine  
  194  13:01  Liberator  
  196  13:05  Marauder  
  196  13:10  Marine x3  
  196  13:12  Missile Turret  
  113  13:20  Orbital Command  
  196  13:21  Marine  
  196  13:23  Liberator  
  196  13:26  Marine  
  195  13:28  Liberator  
  195  13:29  Liberator, Marauder  
  195  13:31  Marauder  
  195  13:32  Marauder x2  
  195  13:34  Marine  
  172  13:35  Widow Mine x2  
  172  13:36  Marauder  
  147  13:41  SCV x3  
  147  13:44  Liberator  
  143  13:49  SCV  
  143  13:53  SCV x2  
  143  13:54  SCV  
  147  13:57  Orbital Command  
  147  14:04  Sensor Tower  
  147  14:05  Ghost  
  147  14:06  Liberator, Ghost x2  
  147  14:07  Widow Mine x2  
  160  14:11  Liberator, Missile Turret  
  160  14:12  Liberator  
  160  14:14  Terran Infantry Armor Level 2  
  165  14:27  Liberator  
  166  14:33  Planetary Fortress  
  166  14:35  Ghost, Missile Turret  
  166  14:36  Ghost  
  170  14:40  Terran Infantry Weapons Level 3, Missile Turret  
  170  14:43  Marauder  
  172  14:46  Marine  
  172  14:47  Marine x3  
  172  14:48  Marine  
  165  15:03  Ghost x2  
  165  15:04  SCV  
  165  15:05  SCV x4  
  156  15:08  Marauder  
  156  15:13  Marine  
  135  15:15  Liberator x2, SCV  
  135  15:19  Marine, Widow Mine x2  
  139  15:21  Marine  
  139  15:26  Liberator  
  143  15:30  SCV x2  
  143  15:31  Sensor Tower  
  143  15:32  SCV x2  
  142  15:44  Marauder x4  
  142  15:49  Missile Turret, Marine  
  151  15:51  Orbital Command  
  151  16:00  Widow Mine x2  
  151  16:01  Medivac x2  
  157  16:12  Missile Turret  
  157  16:14  Liberator x2  
  163  16:19  Ghost  
  165  16:26  SCV x3  
  165  16:27  Advanced Ballistics  
  165  16:31  Liberator  
  171  16:37  Widow Mine x2  
  171  16:39  Ghost  
  177  16:47  Marine x5  
  177  16:49  Marine  
  177  16:50  Command Center  
  178  17:09  Ghost x3  
  175  17:37  Ghost  
  172  17:39  Sensor Tower, Marauder, Marine  
  172  17:40  Marauder x2  
  172  17:41  Refinery  
  172  17:42  Missile Turret  
  172  17:44  SCV x5  
  184  17:45  Refinery  
  185  17:56  SCV  
  186  17:58  Liberator x3  
  186  18:01  Marine x4  
  199  18:22  Missile Turret  
  186  18:39  Marine x2, Marauder x3  
  186  18:40  Marine x2  
  188  18:41  Widow Mine x2  
  188  18:44  Command Center  
  188  18:45  Missile Turret  
  188  18:46  Liberator x2  
  194  18:50  Terran Infantry Armor Level 3  
  194  18:52  Liberator  
  191  19:07  Marauder  
  193  19:31  Marauder  
  186  19:34  Marine x6  
  186  19:35  Marine  
  190  19:39  Widow Mine x2  
  188  19:51  Refinery  
  183  19:59  Refinery  
  178  20:00  SCV x4  
  178  20:02  SCV  
  178  20:04  Ghost x2  
  178  20:05  Ghost  
  187  20:08  Refinery  
  187  20:10  Marauder x2  
  187  20:12  SCV  
  188  20:24  Widow Mine x2  
  188  21:03  Liberator x3  
  194  21:05  Marauder, Marine x3  
  181  21:33  Liberator  
  184  21:40  Planetary Fortress  
  184  21:46  Liberator, Marauder x3  
  193  21:50  Marine x2  
  193  21:53  Widow Mine  
  195  21:54  Widow Mine  
  195  21:57  Marine x5  
  195  21:58  Marine  
  197  22:04  Liberator  
  194  22:08  SCV  
  194  22:09  SCV x4  
  152  22:40  Liberator  
  152  22:41  Liberator x2  
  152  22:42  Marauder  
  152  22:43  SCV  
  160  22:45  Command Center, Missile Turret, Refinery  
  160  22:46  Refinery  
  160  22:47  Liberator  
  162  22:53  Marine x4, Marauder x4  
  162  22:54  Marine x2  
  162  22:55  SCV  
  175  23:07  SCV  
  175  23:10  SCV  
  172  23:19  SCV  
  172  23:23  Liberator x2  
  172  23:25  Sensor Tower, Widow Mine x2  
  172  23:26  Missile Turret  
  180  23:34  Marauder x4  
  180  23:36  SCV  
  178  24:03  SCV  
  177  24:14  Viking x2  
  177  24:15  Viking x2, SCV  
  172  24:18  Ghost  
  172  24:22  Marauder  
  176  24:24  SCV  
  176  24:27  SCV  
  176  24:28  Orbital Command  
  178  24:37  Sensor Tower  
  172  24:39  SCV  
  169  24:51  SCV  
  170  24:59  Liberator x2  
  166  25:00  Liberator x2  
  171  25:15  Marauder  
  171  25:16  Marauder  
  171  25:22  Marine x4  
  171  25:23  Marine  
  167  25:42  Liberator x2, Ghost x2  
  172  25:43  Marine x2  
  172  25:48  Marine  
  172  25:49  Marine  
  177  25:51  Widow Mine x2  
  180  26:03  Ghost x2  
  173  26:07  Marine  
  173  26:11  Marine x3  
  163  26:22  Liberator x2  
  166  26:26  SCV  
  166  26:27  SCV  
  168  26:37  Marauder x2  
  168  26:38  SCV, Marauder x2  
  168  26:39  SCV  
  173  26:43  Medivac  
  172  26:50  SCV  
  173  27:01  Missile Turret  
Show
View Real Time Build Order
Export as new Build Order

trigger Protoss - Winner!

Build Orders: 1 Gate Expand, Phoenix Opening, Blink Stalkers, Colossus Rush 

Get SALT Encoding   

  12  0:00  Probe  
  13  0:12  Probe  
  14  0:17  Pylon  
  14  0:24  Probe (Chrono Boost)  
  15  0:36  Gateway  
  15  0:37  Probe (Chrono Boost)  
  16  0:43  Probe (Chrono Boost)  
  16  0:45  Assimilator  
  17  0:51  Probe  
  18  1:03  Probe  
  19  1:15  Probe  
  20  1:23  Cybernetics Core  
  20  1:29  Nexus  
  20  1:36  Pylon  
  20  1:39  Probe  
  21  1:46  Assimilator  
  21  1:51  Probe  
  22  1:56  Adept (Chrono Boost)  
  22  1:59  Warp Gate  
  24  2:04  Probe (Chrono Boost)  
  26  2:16  Probe (Chrono Boost)  
  26  2:19  Stalker  
  28  2:24  Probe (Chrono Boost)  
  29  2:37  Twilight Council  
  29  2:41  Probe (Chrono Boost)  
  29  2:42  Probe (Chrono Boost)  
  31  2:50  Probe (Chrono Boost)  
  33  2:53  Sentry, Probe (Chrono Boost)  
  33  2:55  Probe (Chrono Boost)  
  36  3:01  Gateway  
  36  3:03  Probe (Chrono Boost)  
  37  3:07  Probe (Chrono Boost)  
  38  3:19  Probe (Chrono Boost)  
  40  3:20  Probe (Chrono Boost)  
  40  3:21  Blink  
  40  3:24  Probe (Chrono Boost)  
  40  3:26  Probe, Pylon  
  42  3:31  Phoenix  
  42  3:34  Probe  
  43  3:40  Nexus, Probe  
  44  3:46  Probe  
  44  3:55  Probe (Chrono Boost)  
  43  3:57  Robotics Facility  
  43  3:58  Probe (Chrono Boost)  
  44  4:03  Stalker  
  44  4:04  Pylon  
  44  4:08  Assimilator  
  44  4:09  Probe x2 (Chrono Boost)  
  48  4:12  Assimilator  
  48  4:17  Stalker, Probe  
  48  4:18  Probe  
  52  4:26  Pylon  
  52  4:29  Probe  
  52  4:30  Probe, Stalker  
  56  4:41  Probe (Chrono Boost)  
  56  4:42  Probe (Chrono Boost)  
  57  4:52  Robotics Bay  
  56  4:53  Probe (Chrono Boost)  
  56  4:57  Observer (Chrono Boost)  
  56  4:59  Probe x2 (Chrono Boost)  
  60  5:00  Shield Battery  
  60  5:03  Probe (Chrono Boost)  
  63  5:07  Probe (Chrono Boost)  
  63  5:10  Gateway  
  63  5:11  Probe (Chrono Boost)  
  63  5:13  Probe (Chrono Boost)  
  63  5:14  Gateway, Probe (Chrono Boost)  
  65  5:18  Observer  
  65  5:19  Probe (Chrono Boost)  
  68  5:21  Probe (Chrono Boost)  
  68  5:22  Charge  
  68  5:26  Probe (Chrono Boost)  
  70  5:30  Probe (Chrono Boost)  
  70  5:33  Probe (Chrono Boost)  
  70  5:34  Probe (Chrono Boost)  
  70  5:35  Probe (Chrono Boost), Pylon  
  72  5:37  Colossus (Chrono Boost)  
  72  5:41  Probe  
  80  5:45  Gateway  
  80  5:48  Extended Thermal Lance  
  79  5:51  Stalker, Probe  
  79  5:52  Probe  
  79  5:54  Probe  
  83  5:59  Gateway  
  83  6:01  Pylon  
  83  6:06  Pylon  
  83  6:08  Sentry, Forge  
  86  6:11  Probe  
  86  6:15  Assimilator  
  86  6:17  Pylon  
  86  6:18  Observer  
  86  6:20  Colossus (Chrono Boost)  
  92  6:27  Probe  
  93  6:34  Zealot x4, Pylon  
  101  6:43  Probe  
  102  6:50  Pylon  
  102  6:53  Stalker  
  102  6:54  Stalker  
  106  6:59  Zealot x4, Colossus  
  117  7:03  Probe  
  117  7:04  Probe  
  110  7:18  Stalker x2  
  108  7:24  Zealot x3  
  108  7:26  Probe  
  108  7:27  Probe  
  108  7:29  Probe  
  111  7:34  Stalker  
  113  7:39  Nexus  
  113  7:41  Stalker x2  
  117  7:46  Shield Battery  
  117  7:47  Photon Cannon  
  117  7:52  Zealot, Pylon  
  117  7:58  Probe  
  120  8:00  Zealot  
  120  8:01  Zealot  
  114  8:07  Stalker x2  
  114  8:12  Probe  
  114  8:16  Observer (Chrono Boost)  
  114  8:19  Probe x2  
  117  8:24  Zealot x4, Probe  
  124  8:35  Pylon  
  124  8:38  Pylon x2  
  124  8:41  Pylon  
  121  8:44  Gateway  
  121  8:45  Zealot x3  
  117  8:51  Stalker x2  
  117  8:52  Stalker  
  115  9:00  Probe x2  
  115  9:05  Stalker x2  
  115  9:06  Immortal (Chrono Boost), Stalker  
  125  9:15  Stalker x3  
  131  9:22  Robotics Facility  
  131  9:24  Gateway  
  131  9:29  Stalker x3  
  137  9:37  Immortal (Chrono Boost)  
  135  9:39  Probe  
  135  9:40  Probe  
  135  9:41  Robotics Facility, Observer  
  135  9:43  Assimilator  
  133  9:46  Zealot  
  133  9:47  Zealot x2  
  139  10:00  Forge  
  139  10:02  Forge  
  139  10:04  Immortal (Chrono Boost)  
  139  10:05  Probe  
  139  10:06  Probe x2  
  146  10:18  Pylon  
  146  10:22  Gateway, Pylon  
  146  10:24  Gateway  
  146  10:26  Zealot, Shield Battery, Immortal (Chrono Boost)  
  148  10:32  Zealot  
  148  10:34  Immortal (Chrono Boost)  
  144  10:39  Assimilator  
  144  10:41  Protoss Ground Weapons Level 1 (Chrono Boost)  
  151  10:44  Protoss Ground Armor Level 1 (Chrono Boost), Immortal (Chrono Boost)  
  151  10:45  Stalker  
  151  10:46  Stalker x3  
  159  10:53  Photon Cannon  
  159  10:58  Observer  
  159  11:01  Photon Cannon  
  159  11:03  Sentry x2  
  164  11:05  Pylon  
  164  11:15  Pylon  
  162  11:19  Pylon  
  162  11:20  Immortal  
  162  11:23  Observer  
  162  11:24  Zealot x2, Stalker  
  171  11:28  Pylon  
  171  11:32  Photon Cannon  
  171  11:34  Immortal  
  171  11:35  Pylon  
  171  11:38  Pylon  
  175  11:40  Stalker x2  
  175  11:41  Stalker  
  175  11:44  Pylon  
  180  11:54  Stalker x2  
  182  11:57  Immortal  
  188  12:06  Immortal  
  192  12:15  Immortal  
  195  12:16  Protoss Ground Weapons Level 2 (Chrono Boost)  
  195  12:19  Templar Archives  
  195  12:20  Protoss Ground Armor Level 2 (Chrono Boost)  
  195  12:21  Dark Shrine  
  195  12:22  Nexus  
  194  12:43  Observer  
  186  12:58  Nexus, Warp Prism (Chrono Boost)  
  184  13:00  Zealot x2, Pylon  
  184  13:01  Zealot x5  
  184  13:05  Warp Prism (Chrono Boost)  
  200  13:10  Warp Prism (Chrono Boost)  
  196  13:16  Pylon  
  161  13:34  Observer, Colossus (Chrono Boost)  
  131  13:46  Disruptor (Chrono Boost), Colossus (Chrono Boost)  
  131  13:48  Zealot x5, Stalker x2  
  116  13:54  Probe x2  
  116  13:55  Shield Battery  
  134  13:56  Photon Cannon  
  134  14:01  Shadow Stride (Chrono Boost)  
  134  14:04  Photon Cannon  
  134  14:06  Dark Templar  
  134  14:08  Dark Templar  
  138  14:14  Dark Templar  
  141  14:24  Observer (Chrono Boost), Colossus (Chrono Boost)  
  142  14:31  High Templar  
  142  14:33  Stalker x6  
  156  14:39  Dark Templar  
  156  14:41  Dark Templar  
  156  14:45  Protoss Ground Armor Level 3 (Chrono Boost), Protoss Ground Weapons Level 3 (Chrono Boost)  
  160  14:46  Assimilator  
  160  14:51  Assimilator  
  160  14:56  Stalker x2  
  159  15:01  Zealot x3  
  159  15:03  Zealot x2  
  160  15:09  Zealot  
  144  15:18  Dark Templar x3  
  144  15:19  Zealot  
  144  15:20  Disruptor  
  150  15:24  Immortal (Chrono Boost)  
  150  15:25  Immortal (Chrono Boost)  
  156  15:30  Stalker x4  
  156  15:34  Assimilator  
  158  15:45  High Templar x3  
  158  15:48  Shield Battery  
  160  15:52  Photon Cannon  
  160  15:56  Zealot x3  
  165  15:57  Observer (Chrono Boost)  
  165  16:01  Nexus  
  166  16:08  Observer (Chrono Boost)  
  166  16:15  Immortal  
  170  16:26  Dark Templar x7, Pylon  
  170  16:27  Dark Templar  
  186  16:33  Stalker x2  
  187  17:03  Archon x2  
  175  17:08  Psionic Storm  
  175  17:10  Zealot x3  
  175  17:11  Stalker x4  
  175  17:12  Stalker x3  
  175  17:13  Disruptor x2  
  177  17:41  Disruptor  
  179  17:44  Shield Battery  
  179  17:45  Photon Cannon, Probe x4  
  179  17:47  Photon Cannon x2  
  179  17:49  Shield Battery, Pylon  
  181  17:53  Protoss Shields Level 1  
  181  17:56  Stalker x7  
  193  18:01  Observer  
  184  18:37  Observer  
  172  18:42  Zealot x5  
  172  18:44  Disruptor  
  185  18:50  High Templar x2, Assimilator  
  185  18:51  High Templar  
  185  18:52  Assimilator  
  190  18:59  Nexus  
  184  19:03  Pylon  
  184  19:16  Gateway  
  183  19:18  Gateway  
  183  19:19  Dark Templar x7  
  183  19:22  Dark Templar  
  199  19:28  Zealot x2  
  162  19:55  Shield Battery  
  162  19:56  Shield Battery  
  162  19:59  Photon Cannon  
  146  20:00  Zealot x2  
  146  20:01  Zealot x8  
  161  20:12  Photon Cannon  
  161  20:14  Photon Cannon  
  161  20:15  Assimilator x2  
  157  20:29  Stalker x2  
  157  20:30  Stalker x8  
  173  20:55  Zealot x8  
  173  20:56  Zealot x4  
  193  21:06  Stargate  
  193  21:08  Archon  
  191  21:13  Disruptor  
  191  21:17  Stalker x2  
  195  21:42  Stalker  
  195  21:43  Stalker  
  193  21:54  Photon Cannon  
  179  22:10  Stalker x12  
  166  22:38  Disruptor  
  160  22:46  Stalker x9  
  160  22:47  Stalker x3  
  160  22:49  Probe x2  
  160  22:50  Probe  
  185  22:53  Nexus  
  185  22:58  Probe  
  186  22:59  Disruptor  
  174  23:21  High Templar x2  
  178  23:27  Disruptor  
  178  23:30  Pylon  
  178  23:32  Nexus  
  176  23:41  Zealot x10  
  176  23:48  Probe x3  
  195  23:50  Probe  
  195  23:52  Shield Battery  
  174  24:04  High Templar, Stalker x3  
  178  24:22  Stalker x5  
  178  24:23  Stalker x2  
  192  24:25  Stalker  
  192  24:29  Phoenix (Chrono Boost)  
  179  24:45  Zealot x3  
  179  24:46  Zealot x3  
  179  24:49  Probe x3  
  193  25:01  Probe (Chrono Boost)  
  193  25:03  Disruptor, Probe (Chrono Boost)  
  193  25:04  Probe (Chrono Boost)  
  198  25:07  Photon Cannon  
  198  25:14  Probe (Chrono Boost)  
  199  25:17  Shield Battery  
  199  25:32  Probe  
  199  25:34  Observer  
  181  25:43  Stalker x5  
  181  25:44  Dark Templar x3, Zealot  
  181  25:45  Zealot  
  181  25:47  Dark Templar  
  195  25:52  Probe x2  
  195  25:53  Probe  
  196  26:09  Zealot x5  
  186  26:24  Stalker x7  
  186  26:36  Disruptor  
  190  26:42  High Templar, Zealot x4  
  200  26:54  Assimilator  
  200  26:56  Assimilator  
  200  27:00  Photon Cannon  
  200  27:01  Pylon  
  191  27:35  Zealot x8  

Tags
 
Add a new tag
Caveats
  • Supply blocks, unpowered buildings, or Contaminate may cause inaccurate times.
  • Supply counts are checked every 10 seconds.